 Dungeon Crawl Stone Soup version 0.27-a0-1182-gee19b5822f (webtiles) character file.

Game seed: 6954434375166664704

42 DasRunzen the Poker (level 3, -1/43 HPs)
             Began as a Demigod Gladiator on May 18, 2021.
             Slain by a goblin
             ... wielding a +0 dagger
             ... led by Robin
              (5 damage)
             ... on level 3 of the Dungeon.
             The game lasted 00:02:04 (1926 turns).

DasRunzen the Poker (Demigod Gladiator)             Turns: 1926, Time: 00:02:06

Health: -1/43      AC: 21    Str: 15    XL:     3   Next: 17%
Magic:  5/5        EV:  2    Int: 14    God:
Gold:   48         SH:  9    Dex: 15    Spells: 2/2 levels left

rFire    + . .     SeeInvis .   a - +0 trident
rCold    + . .     Faith    .   k - +2 kite shield
rNeg     + + +     Spirit   .   (armour currently unavailable)
rPois    +         Reflect  .   (helmet currently unavailable)
rElec    +         Harm     .   (cloak currently unavailable)
rCorr    +         Rampage  .   (gloves currently unavailable)
Will     .....     NoTele   +   (boots currently unavailable)
Stlth    +.........             (no amulet)
HPRegen  0.14/turn              (no ring)
MPRegen  0.09/turn              (no ring)

@: lethally poisoned (-1 -> -7), tree-form, resistant, hasted, very quick
A: stationary, stasis, torment immunity, boosted hp, high mp 1, forlorn
a: no special abilities


You were on level 3 of the Dungeon.
You were a tree.
You visited 1 branch of the dungeon, and saw 3 of its levels.

You collected 48 gold pieces.

Inventory:

Hand Weapons
 a - a +0 trident (weapon)
Missiles
 d - 3 throwing nets (quivered)
Armour
 b - a +0 leather armour (melded)
 c - a +0 helmet (melded)
 i - a +1 pair of boots (melded)
 k - a +2 kite shield (worn)
Scrolls
 l - a scroll of fog
Potions
 f - a potion of lignification


   Skills:
 + Level 2.2 Fighting
 + Level 3.1 Polearms
 - Level 1.7 Throwing
 + Level 1.1 Armour
 + Level 3.0 Dodging
 + Level 0.0 Shields


You had 2 spell levels left.
You didn't know any spells.
Your spell library was empty.

Dungeon Overview and Level Annotations

Branches:
Dungeon (3/15)

Annotations:
D:3 Robin


Innate Abilities, Weirdness & Mutations

You are a tree.
Your roots penetrate the ground, keeping you stationary.
You cannot be teleported.
You are immune to unholy pain and torment.
Your maximum health is greatly increased.
Your equipment is partially melded.
Your attributes grow dramatically as you level up.
You have an increased reservoir of magic. (+10% MP)
You shall have no god before yourself.


Message History

It was a potion of haste.
You feel yourself speed up.
The goblin hits you but does no damage. x2; You block the goblin's attack.
Robin hits you but does no damage.
It was a potion of resistance.
You feel protected. The goblin hits you with a +0 club.
* * * LOW HITPOINT WARNING * * *
The goblin hits you but does no damage. x2
You hit Robin.
Robin is moderately wounded.
The goblin hits you but does no damage. x2; You block the goblin's attack.
You hit Robin.
Robin is moderately wounded.
You block the goblin's attack. The goblin hits you but does no damage.
A hobgoblin comes into view.
You block the goblin's attack.
You barely miss Robin.
Robin is moderately wounded.
The goblin hits you but does no damage. The goblin hits you with a +0 dagger.
* * * LOW HITPOINT WARNING * * *
You block the goblin's attack.
You closely miss the goblin.
The goblin is moderately wounded.
Robin hits you but does no damage. You block the goblin's attack.
The goblin hits you but does no damage.
You puncture the goblin!
You kill the goblin!
The goblin hits you but does no damage.
You are lethally poisoned!
A hobgoblin comes into view.
Robin throws the goblin at you!
The goblin unwields a +0 hunting sling.
The goblin wields a +0 club.
The goblin completely misses you. You block the goblin's attack.
You miss the goblin.
* * * LOW HITPOINT WARNING * * *
You feel sick. You block the goblin's attack.
Robin roars a battlecry!
The hobgoblins go into a battle-frenzy!
The goblin hits you but does no damage. The goblin hits you with a +0 dagger.
You die...

## .. .## # ..## #.
..####g#
#.##..##...$gg#
#......gg##
#..#####gg## # #..#
##♣g# #.. #..#
##g###.... #..#
##g....# #..#
##....###
#..#####..##.# .#
#..#.....###.####.#
#
##..#.######....<...
##.#.....# #........
#.....#### #........


You could see Robin, 2 hobgoblins and 4 goblins.

Vanquished Creatures
  A worm (D:2)
  An orc (D:2)
  3 ball pythons (D:1)
  3 bats (D:1)
  4 endoplasms
  2 giant cockroaches (D:1)
  8 goblins
  2 hobgoblins (D:1)
  A kobold (D:1)
  2 quokkas (D:1)
  4 frilled lizards
  2 rats (D:1)
33 creatures vanquished.

Vanquished Creatures (others)
  A plant (D:3)
1 creature vanquished.

Grand Total: 34 creatures vanquished

Notes
Turn   | Place    | Note
-------+----------+-------------------------------------------
     0 | D:1      | DasRunzen the Demigod Gladiator began the quest for the
                  | Orb.
     0 | D:1      | Reached XP level 1. HP: 17/17 MP: 3/3
   286 | D:1      | Reached XP level 2. HP: 19/24 MP: 4/4
   732 | D:1      | Reached skill level 1 in Armour
  1522 | D:2      | Reached XP level 3. HP: 27/29 MP: 5/5
  1905 | D:3      | Noticed Robin
  1916 | D:3      | HP: 1/29 [Robin/+0 mace (2)]
  1926 | D:3      | Slain by a goblin

Illustrated notes

Levels and vault maps discovered:
D:1:      sevenhm_arrival_forest_fort_large_4, layout_loops_corners
D:2:      layout_rooms, hellmonk_ecumenical_altar_inner_sanctum, basic_altar
D:3:      layout_rooms, grunt_dithmenos_smoke, serial_shops, nicolae_shop_stone,
          shop_fountains, nicolae_shop_crystal, nicolae_shop_behind_doors,
          nicolae_shop_overgrown_old_shop, uniq_terence, uniq_robin,
          uniq_jessica

Skill      XL: |  1  2 |
---------------+-------+-----
Fighting       | 2 |  2.2
Dodging        | 3 |  3.0
Armour         | 1 |  1.1
Polearms       | 3 |  3.1
Throwing       | |  1.7

Action                   || total
-------------------------++-------
Melee: Trident           ||    97
  Use: Scroll            ||     3
       Potion            ||     4
 Stab: Sleeping          ||     1
Armor: Leather armour    ||    20
       Skin              ||    17
Dodge: Dodged            ||    33
Block: Kite shield       ||    20

Table legend: (Time is in decaauts)
 A = Elapsed time spent in this place.
 B = Non-inter-level travel time spent in this place.
 C = Inter-level travel time spent in this place.
 D = Time resting spent in this place.
 E = Time spent auto-exploring this place.
 F = Levels seen in this place.
 G = Mean time per level.
                   A        B        C        D        E       F      G
               +--------+--------+--------+--------+--------+-----+--------+
         Total |   1943 |   1888 |     55 |      0 |   1665 |   3 |  647.7 |
       Dungeon |   1943 |   1888 |     55 |      0 |   1665 |   3 |  647.7 |
               +--------+--------+--------+--------+--------+-----+--------+

Top non-repeatable levels by time:
     D:1: 1281 daAuts
     D:2: 576 daAuts
     D:3: 85 daAuts
